 Dungeon Crawl Stone Soup version 0.30.0-5-g1a98f26d00 (webtiles) character file.

Game seed: 15423387441783846401

25451 browni3141 the Sage (level 13, -2/86 (91) HPs)
             Began as a Formicid Ice Elementalist on May 12, 2023.
             Was a High Priest of Sif Muna.
             Slain by an elephant (11 damage)
             ... on level 3 of the Lair of Beasts.
             The game lasted 00:45:57 (19068 turns).

browni3141 the Sage (Formicid Ice Elementalist)    Turns: 19068, Time: 00:45:57

HP:   -2/86 (91)    AC:  6    Str: 14    XL:     13   Next: 50%
MP:   2/23          EV: 12    Int: 25    God:    Sif Muna [*****.]
Gold: 448           SH:  9    Dex: 14    Spells: 16/26 levels left

rFire   + . .        a - +2 whip (elec)
rCold   + . .        u - +3 buckler {rC+ rF+}
rNeg    . . .        t - +0 steam dragon scales
rPois   +            (helmet unavailable)
rElec   .            (no cloak)
rCorr   .            (no gloves)
SInv    +            V - +0 pair of boots
Will    ++...        y - amulet "Addu" {Faith Will+}
Stlth   +++          n - ring of poison resistance
HPRegen 0.34/turn    R - +6 ring of intelligence
MPRegen 0.18/turn

%: faith
@: freezing walls, drained
A: permanent stasis, dig shafts and tunnels, antennae 3, four strong arms
a: Dig, Shaft Self, Renounce Religion, Channel Magic, Forget Spell, Divine
Exegesis


You were on level 3 of the Lair of Beasts.
You worshipped Sif Muna.
Sif Muna was extremely pleased with you.
You visited 3 branches of the dungeon, and saw 15 of its levels.
You also visited: Ossuary and Ice Cave.

You collected 791 gold pieces.
You spent 343 gold pieces at shops.

Inventory:

Hand Weapons
 a - a +2 whip of electrocution (weapon)
 b - a +2 longbow of freezing
 w - a +0 double sword of protection
Missiles
 e - a curare-tipped dart
 J - 15 poisoned darts
 T - 6 boomerangs
Armour
 l - a +3 scale mail
 q - a +2 tower shield of cold resistance
 t - +0 steam dragon scales (worn)
 u - a +3 buckler of resistance (worn)
 V - a +0 pair of boots (worn)
 W - a +2 scale mail of cold resistance
Magical Staves
 X - a staff of earth
 Y - a staff of conjuration
Jewellery
 n - a ring of poison resistance (left hand)
 y - the amulet "Addu" (around neck) {Faith Will+}
   (You found it on level 2 of the Dungeon)

   [amulet of faith]

   It allows you to gain divine favour quickly.
   Will:      It increases your willpower.
 z - an amulet of magic regeneration
 D - an amulet of guardian spirit
 N - a ring of positive energy
 R - a +6 ring of intelligence (right hand)
 Z - a ring of ice
Wands
 g - a wand of roots (3)
 j - a wand of quicksilver (5)
 p - a wand of polymorph (7)
 I - a wand of digging (11)
 P - a wand of paralysis (3)
Scrolls
 d - 2 scrolls of immolation
 f - a scroll of amnesia
 o - 3 scrolls of magic mapping
 r - a scroll of torment
 v - a scroll of blinking
 E - 3 scrolls of vulnerability
 F - a scroll of fog
 G - a scroll of silence
 K - 3 scrolls of noise
 O - 2 scrolls of enchant armour
 Q - 11 scrolls of teleportation
 S - 6 scrolls of poison
 U - 2 scrolls of fear
Potions
 c - 2 potions of cancellation
 h - 2 potions of haste
 i - a potion of invisibility
 k - a potion of berserk rage
 m - 4 potions of magic
 s - 3 potions of brilliance
 x - 5 potions of attraction
 A - 4 potions of degeneration
 B - 7 potions of mutation
 C - 7 potions of curing
 H - 3 potions of heal wounds
 L - 3 potions of lignification
 M - 2 potions of might


   Skills:
 - Level 5.0 Fighting
 - Level 8.0 Long Blades
 - Level 3.0 Maces & Flails
 * Level 9.7 Ranged Weapons
 - Level 3.0 Dodging
 - Level 4.0 Stealth
 * Level 9.7 Shields
 - Level 7.0 Spellcasting
 - Level 2.0 Summonings
 - Level 10.0 Ice Magic
 - Level 12.0 Invocations


You had 16 spell levels left.
You knew the following spells:

 Your Spells              Type           Power      Damage    Failure   Level
b - Summon Ice Beast      Ice/Summ       38%        N/A       7%          4
o - Ozocubu's Armour      Ice            56%        N/A       1%          3
r - Frozen Ramparts       Ice            100%       1d16      1%          3

Your spell library contained the following spells:

 Spells                   Type           Power      Damage    Failure   Level
 Freeze                   Ice            100%       1d10      1%          1
 Ensorcelled Hibernation  Hex/Ice        66%        N/A       1%          2
 Call Imp                 Summ           36%        N/A       5%          2
 Beastly Appendage        Tmut           16%        N/A       9%          1
 Kiss of Death            Conj/Necr      32%        2d7       9%          1
 Magic Dart               Conj           32%        1d4       9%          1
 Necrotise                Necr           32%        1d5       9%          1
 Call Canine Familiar     Summ           18%        N/A       11%         3
 Cigotuvi's Dreadful Rot  Necr/Pois/Air  16%        N/A       12%         2
 Passwall                 Tmut/Erth      6%         N/A       12%         2
 Searing Ray              Conj           16%        2d5       12%         2
 Static Discharge         Conj/Air       16%        2-3/arc   12%         2
 Wereblood                Tmut           8%         N/A       12%         2
 Summon Guardian Golem    Hex/Summ       13%        N/A       16%         3
 Portal Projectile        Hex/Tloc       16%        N/A       24%         3
 Spider Form              Tmut/Pois      8%         N/A       24%         3
 Tukima's Dance           Hex            8%         N/A       24%         3
 Vampiric Draining        Necr           8%         2d6       24%         3
 Animate Armour           Summ/Erth      26%        N/A       47%         4
 Summon Lightning Spire   Summ/Air       13%        N/A       47%         4
 Airstrike                Air            4%         2d(1-17)  63%         4
 Anguish                  Hex/Necr       4%         N/A       63%         4
 Dispel Undead            Necr           8%         3d8       63%         4
 Fulminant Prism          Conj/Hex       4%         3d5       63%         4
 Ozocubu's Refrigeration  Ice            28%        4d13      75%         7
 Summon Forest            Summ/Tloc      6%         N/A       83%         5
 Simulacrum               Ice/Necr       16%        N/A       85%         6
 Agony                    Necr           8%         N/A       92%         5
 Blade Hands              Tmut           4%         N/A       92%         5
 Borgnjor's Vile Clutch   Necr/Erth      4%         N/A       92%         5
 Irradiate                Conj/Tmut      4%         3d13      92%         5
 Death Channel            Necr           4%         N/A       100%        6
 Dragon Form              Tmut           4%         N/A       100%        7
 Borgnjor's Revivificati  Necr           4%         N/A       100%        8
 Polar Vortex             Ice            28%        N/A       100%        9
 Swiftness                Air            Unusable   N/A       N/A         3

Dungeon Overview and Level Annotations

Branches:
Dungeon (11/15)            Temple (1/1) D:5            Lair (3/5) D:8
 Shoals (0/4) Lair:2          Orc (0/2) D:9         Ossuary (visited)
  IceCv (visited)
  Snake: Lair:2-3    Spider: Lair:2-3

Altars:
Ashenzari
Cheibriados
Dithmenos
Elyvilon
Fedhas
Gozag
Hepliaklqana
Kikubaaqudgha
Makhleb
Nemelex Xobeh
Okawaru
Qazlal
Ru
Sif Muna
Trog
Uskayaw
Vehumet
Wu Jian
Xom
Yredelemnul
Zin
The Shining One

Shops:
D:6 (   D:9 *   D:11 *

Annotations:
D:10 exclusions: boulder beetle and door
D:11 exclusion: two-headed ogre


Innate Abilities, Weirdness & Mutations

You cannot be hasted, slowed, berserked, paralysed or teleported.
You can dig through walls and to a lower floor.
You have a pair of large antennae on your head. (SInv)
Your four strong arms can wield two-handed weapons with a shield.


Message History

The hell rat is almost dead.
The wall freezes the hell rat!
You kill the hell rat!
Sif Muna accepts your kill.
The wall freezes the elephant!
The wall freezes the hell rat!
You kill the hell rat!
Sif Muna accepts your kill.
You hit the elephant but do no damage.
Lightning courses through the elephant!!
The elephant is severely wounded.
The wall freezes the elephant!
You block the elephant's attack. The elephant closely misses you.
The wall freezes the elephant but does no damage.
You hit the elephant.
Lightning courses through the elephant!!
You kill the elephant!
Sif Muna accepts your kill.
The wall freezes the hell rat!
You kill the hell rat!
Sif Muna accepts your kill.
The wall freezes the elephant.
You hit the elephant but do no damage. Lightning courses through the elephant!
The elephant is moderately wounded.
The wall freezes the elephant.
You block the elephant's attack. The elephant barely misses you.
You hit the elephant.
The elephant is moderately wounded.
The wall freezes the elephant!
You block the elephant's attack. x2
The wall freezes the elephant but does no damage.
You hit the elephant but do no damage.
Lightning courses through the elephant!!
The elephant is severely wounded.
The wall freezes the elephant.
The elephant barely misses you.
The elephant trunk-slaps you but does no damage.
You hit the elephant but do no damage. Lightning courses through the elephant!
The elephant is almost dead.
The frozen ramparts melt away.
You block the elephant's attack.
The elephant trunk-slaps you but does no damage.
You hit the elephant. Lightning courses through the elephant!
You kill the elephant!
Sif Muna accepts your kill.
Casting: Frozen Ramparts (safe; 1% risk of failure)
Confirm with . or Enter, or press ? or * to list all spells.
Casting: Frozen Ramparts (safe; 1% risk of failure)
Press: ? - help, Dir - look around, f - activate The walls around you are covered in ice.
The wall freezes the elephant!
You hit the elephant.
The elephant is lightly wounded.
The wall freezes the elephant but does no damage.
The elephant tramples you but does no damage.
You block the elephant's attack.
You barely miss the elephant.
The elephant is lightly wounded.
The wall freezes the elephant but does no damage.
The elephant tramples you!
* * * LOW HITPOINT WARNING * * *
You hold your ground!
You block the elephant's attack.
You hit the elephant. Lightning courses through the elephant!
The elephant is moderately wounded.
The wall freezes the elephant but does no damage.
The elephant completely misses you. The elephant trunk-slaps you.
* * * LOW HITPOINT WARNING * * *
You hit the elephant but do no damage. Lightning courses through the elephant!
The elephant is heavily wounded.
The wall freezes the elephant!
The elephant tramples you.
* * * LOW HITPOINT WARNING * * *
You hold your ground!
You block the elephant's attack.
You barely miss the elephant.
The elephant is severely wounded.
The wall freezes the elephant.
The elephant tramples you but does no damage.
The elephant completely misses you.
You hit the elephant.
The elephant is severely wounded.
The wall freezes the elephant!
The elephant tramples you.
* * * LOW HITPOINT WARNING * * *
You hold your ground!
You block the elephant's attack.
Aiming: Fastroot
Press: ? - help, Shift-Dir - straight line, f - elephant
Aim: an elephant (severely wounded)
The roots erupt in riotous growth!
Roots grab the elephant.
The grasping roots constrict the elephant.
You hear a bellow! x2
The wall freezes the elephant.
The elephant tramples you.
* * * LOW HITPOINT WARNING * * *
You hold your ground!
The elephant trunk-slaps you.
* * * LOW HITPOINT WARNING * * *
You hit the elephant but do no damage.
The elephant is almost dead.
The grasping roots constrict the elephant, but do no damage.
The roots release their grip on the elephant.
The wall freezes the elephant.
The elephant tramples you.
* * * LOW HITPOINT WARNING * * *
You hold your ground!
You block the elephant's attack.
You hit the elephant but do no damage.
The elephant is almost dead.
The wall freezes the elephant.
The elephant tramples you!
You die...

~~......###...# #...# #......#
~~~....P# ##### ##.P# #.....##
~~.....## #### #.## #......#
~~....#####..# ... #†#.##.#
~~.....#.#...# ####......#
~~...........# . #..#..#.#
~~...........## .# ##....#.#
..............#### #.# #...##.#
..............##@###..## #......#
#..P..^........#Y#.....# #.##...#
....#(.........†#†....####....(.#
.....P.........†##......###.##..#
.P.....PP..<......#.....#.....#.#
..............†.....###..#.#.#
.............†.##...##.#.....
....#..........##...#.#.#...
..##......${.......#.#....#


You could see an elephant.

Vanquished Creatures
  A reaper (IceCv)
  A hydra (Lair:3)
  A skyshark (Lair:3)
  3 elephants (Lair:3)
  Joseph (D:9)
  A water nymph (Lair:2)
  5 cane toads
  2 rime drakes (Lair:1)
  3 anaconda simulacra (IceCv)
  2 komodo dragons
  A troll (D:10)
  2 dream sheep (Lair:1)
  8 blink frogs (Lair:2)
  Sigmund (D:3)
  3 wyverns
  30 yaks
  A dire elephant simulacrum (IceCv)
  A wraith (D:9)
  A basilisk (Lair:2)
  A steam dragon (D:7)
  4 vampire mosquitoes (D:10)
  2 hydra simulacra (IceCv)
  8 water moccasins
  3 orc warriors
  2 black bears (D:8)
  A sky beast (D:6)
  An ogre (D:9)
  A hornet zombie (Ossuary)
  7 centaurs
  2 phantoms
  A kobold brigand (D:11)
  2 elf skeletons (D:6)
  2 scorpions
  4 two-headed ogre simulacra (IceCv)
  12 bullfrogs
  6 wyvern zombies (Ossuary)
  A water moccasin zombie (Ossuary)
  3 cane toad simulacra (IceCv)
  11 wights
  21 killer bees
  3 elephant simulacra (IceCv)
  3 nameless horrors
  7 howler monkeys
  4 centaur zombies (Ossuary)
  5 bullfrog zombies (Ossuary)
  2 hounds
  7 orc priests
  2 jellies
  A human zombie (D:6)
  2 gnoll boudas
  An iguana (D:7)
  10 mummies (Ossuary)
  Jessica (D:3)
  7 orc wizards
  2 sleepcaps
  12 hell rats (Lair:3)
  A human skeleton (D:6)
  3 spriggan simulacra (IceCv)
  3 troll simulacra (IceCv)
  4 polar bear simulacra (IceCv)
  2 killer bee zombies (Ossuary)
  2 wolf simulacra (IceCv)
  5 gnolls
  A howler monkey zombie (Ossuary)
  9 adders
  4 naga simulacra (IceCv)
  A shadow imp (D:6)
  9 white imps
  8 ufetubi
  A worm (D:2)
  A dart slug (D:7)
  31 orcs
  4 bats
  8 endoplasms
  2 giant cockroaches (D:3)
  9 goblins
  8 hobgoblins
  3 jackals (D:3)
  4 quokkas
  6 ball pythons
  5 frilled lizards
  9 kobolds
  2 orc skeletons (D:6)
  5 rats
382 creatures vanquished.

Vanquished Creatures (collateral kills)
  A cane toad (Lair:2)
  A komodo dragon (Lair:2)
  A blink frog (Lair:2)
  2 dream sheep (Lair:1)
  A wraith (D:9)
  2 steam dragons (D:9)
  A basilisk (Lair:2)
  Menkaure (D:7)
  A water moccasin (D:7)
  A sky beast (D:7)
  An ogre (D:7)
  A gnoll sergeant (D:9)
  A wyvern zombie (Ossuary)
  A centaur zombie (Ossuary)
  A jelly (D:7)
  A bullfrog zombie (Ossuary)
  A troll simulacrum (IceCv)
  A mummy (Ossuary)
  6 gnolls
  A white imp (IceCv)
27 creatures vanquished.

Vanquished Creatures (others)
  An orc (D:9)
1 creature vanquished.

Grand Total: 410 creatures vanquished

Notes
Turn   | Place    | Note
-------+----------+-------------------------------------------
     0 | D:1      | browni3141 the Formicid Ice Elementalist began the quest
                  | for the Orb.
     0 | D:1      | Reached XP level 1. HP: 13/13 MP: 3/3
   463 | D:1      | Reached XP level 2. HP: 14/19 MP: 3/5
  1256 | D:2      | Reached XP level 3. HP: 21/24 MP: 3/6
  1320 | D:2      | Reached skill level 3 in Stealth
  1399 | D:2      | Learned a level 3 spell: Frozen Ramparts
  1403 | D:2      | Learned a level 3 spell: Ozocubu's Armour
  1417 | D:2      | Found a faded altar of an unknown god.
  1665 | D:2      | Identified the amulet "Addu" {Faith Will+}
  1788 | D:3      | Noticed Jessica
  1796 | D:3      | Killed Jessica
  1797 | D:3      | Reached XP level 4. HP: 14/30 MP: 1/8
  2173 | D:3      | Noticed Sigmund
  2188 | D:3      | Reached skill level 3 in Spellcasting
  2402 | D:3      | Found a radiant altar of Vehumet.
  2769 | D:3      | Reached XP level 5. HP: 30/35 MP: 7/9
  2960 | D:4      | Noticed a water moccasin
  2960 | D:4      | Found a shadowy altar of Dithmenos.
  3224 | D:4      | Reached XP level 6. HP: 26/43 MP: 3/10
  3774 | D:4      | Killed a water moccasin
  3775 | D:4      | Reached skill level 3 in Dodging
  3910 | D:3      | Killed Sigmund
  3911 | D:3      | Reached XP level 7. HP: 50/50 MP: 6/15
  4004 | D:5      | Entered Level 5 of the Dungeon
  4094 | D:5      | Found a staircase to the Ecumenical Temple.
  4124 | Temple   | Entered the Ecumenical Temple
  4250 | Temple   | Became a worshipper of Sif Muna the Loreminder
  4294 | D:5      | Reached skill level 6 in Spellcasting
  4296 | D:5      | HP: 2/50 [centaur (1)]
  4299 | D:5      | Reached XP level 8. HP: 3/56 MP: 9/18
  4589 | D:5      | Learned a level 4 spell: Summon Ice Beast
  4844 | D:5      | Reached skill level 6 in Ice Magic
  4915 | D:5      | Reached * piety under Sif Muna
  5161 | D:6      | Found a sand-covered staircase.
  5319 | D:6      | Reached XP level 9. HP: 52/61 MP: 19/19
  5350 | Ossuary  | Entered an ossuary
  5417 | Ossuary  | Reached skill level 3 in Maces & Flails
  5538 | Ossuary  | Reached skill level 3 in Fighting
  5614 | Ossuary  | Reached skill level 1 in Invocations
  5652 | Ossuary  | Reached skill level 2 in Invocations
  5791 | Ossuary  | Reached ** piety under Sif Muna
  5833 | Ossuary  | Reached skill level 3 in Invocations
  6120 | Ossuary  | Reached skill level 4 in Invocations
  6330 | D:6      | Found Biniegi's Hydra Hut.
  6331 | D:6      | Noticed a six-headed hydra
  6506 | D:6      | Reached skill level 9 in Ice Magic
  6748 | D:6      | Reached skill level 5 in Invocations
  6803 | D:7      | Reached XP level 10. HP: 70/70 MP: 20/20
  6811 | D:7      | Noticed Menkaure
  6830 | D:7      | Found a basalt altar of Yredelemnul.
  7125 | D:7      | Reached *** piety under Sif Muna
  7144 | D:7      | Reached skill level 6 in Invocations
  7205 | D:7      | Found a white marble altar of Elyvilon.
  7360 | D:7      | Found a snail-covered altar of Cheibriados.
  7481 | D:7      | Killed Menkaure
  7951 | D:8      | Reached skill level 3 in Shields
  7954 | D:8      | Reached skill level 7 in Invocations
  8262 | D:8      | Reached skill level 8 in Invocations
  8333 | D:8      | Reached **** piety under Sif Muna
  8549 | D:8      | Found a staircase to the Lair.
  8751 | D:8      | Reached XP level 11. HP: 73/77 MP: 14/21
  8895 | D:6      | Bought a +1 longbow of freezing for 187 gold pieces
  9055 | D:8      | Reached skill level 3 in Long Blades
  9727 | D:8      | Found a sacrificial altar of Ru.
  9812 | D:8      | Found a sacrificial altar of Ru.
 10150 | D:8      | Found a staircase to the Lair.
 10525 | D:9      | Found a staircase to the Orcish Mines.
 11006 | D:9      | Reached skill level 6 in Long Blades
 11103 | D:9      | Found a glowing golden altar of the Shining One.
 11115 | D:9      | Found an ornate altar of the Wu Jian Council.
 11183 | D:9      | Found Kocoschi's Assorted Antiques.
 11193 | D:9      | Bought a glowing black potion for 22 gold pieces
 11193 | D:9      | Bought a scroll labelled TAXUOSA TAURYCVU for 25 gold
                  | pieces
 11193 | D:9      | Bought 2 black potions for 45 gold pieces
 11193 | D:9      | Bought a scroll labelled YMANUM NIS MEC for 25 gold pieces
 11284 | D:9      | Noticed Joseph
 11311 | D:9      | Killed Joseph
 11468 | D:9      | Reached ***** piety under Sif Muna
 11883 | D:10     | Entered Level 10 of the Dungeon
 12135 | D:10     | Noticed a cyan ugly thing
 12135 | D:10     | Noticed a centaur warrior
 12149 | D:10     | Noticed a boulder beetle
 12156 | D:10     | Received a gift from Sif Muna
 12157 | D:10     | Got Ytot's Tome of Evil {god gift}
 12223 | D:10     | Noticed a two-headed ogre
 12224 | D:10     | Noticed a cyclops
 12226 | D:10     | You fall into a shaft and drop 1 floor!
 12308 | D:11     | Found Ihovugai's General Store.
 12315 | D:11     | Reached skill level 3 in Ranged Weapons
 12370 | D:11     | Bought a potion of lignification for 39 gold pieces
 12422 | D:11     | Noticed a two-headed ogre
 12614 | D:11     | Reached XP level 12. HP: 86/86 MP: 15/22
 12837 | Lair:1   | Entered Level 1 of the Lair of Beasts
 12855 | Lair:1   | Found a frozen archway.
 12888 | IceCv    | Entered an ice cave
 13424 | IceCv    | Reached skill level 6 in Ranged Weapons
 15210 | IceCv    | Noticed a reaper
 15605 | IceCv    | Reached skill level 9 in Invocations
 15778 | IceCv    | Killed a reaper
 16779 | Lair:1   | Reached skill level 10 in Invocations
 16799 | Lair:1   | Reached skill level 6 in Shields
 16960 | Lair:1   | Received a gift from Sif Muna
 16961 | Lair:1   | Got Sif Muna's Parchment of Dark Bringing Forth {god gift}
 17885 | Lair:2   | Reached XP level 13. HP: 41/91 MP: 10/23
 18066 | Lair:2   | Reached skill level 11 in Invocations
 18594 | Lair:3   | Reached skill level 9 in Ranged Weapons
 18718 | Lair:3   | Noticed an eight-headed hydra
 18729 | Lair:3   | Killed an eight-headed hydra
 18863 | Lair:3   | Reached skill level 9 in Shields
 19010 | Lair:3   | Reached skill level 12 in Invocations
 19068 | Lair:3   | Slain by an elephant

Illustrated notes

Levels and vault maps discovered:
D:1:      eino_arrival_cavern_b, layout_loops_corners
D:2:      layout_rooms, shapermc_ecumenical_altar_petra, glass_columns_a
D:3:      layout_basic, fiery_altar_vehumet, uniq_jessica, uniq_sigmund
D:4:      layout_cave_pools, nicolae_dithmenos_the_darkroom
D:5:      layout_rooms, minmay_temple_entry_waves, moated_statue
D:6:      layout_cave_pools, nicolae_ossuary_entry_catacombs,
          chequers_serial_rivers_small_b, doesnt_shop_hydraphobe
D:7:      layout_basic, kennysheep_mini_moat, kennysheep_slug_shrine,
          elyvilon_altar_3, minmay_misc_feat_five, uniq_menkaure
D:8:      layout_cave_pods, nicolae_ru_the_path_less_chosen,
          due_lair_maze_entry_diamond
D:9:      layout_long_grid, mainiacjoe_overflow_big_doors, erik_orc_3,
          serial_shops, nicolae_shop_waterfront, uniq_joseph
D:10:     minmay_chopped_fan, layout_long_grid, grunt_tough_drop
D:11:     wad_woods_minihive, layout_basic, serial_shops, shop,
          kennysheep_small_spiral, minmay_misc_feat_square, st_stairs_11
Temple:   nicolae_temple_two_arcs
Lair:1:   layout_hall_layers, portal_ice_cave_entry_pillars_1,
          dreamdust_gnoll_shepherd, infiniplex_staircase_pool_2,
          grunt_megastairs_1, serial_bayou_shore_b
Lair:2:   layout_misc_corridors, nicolae_shoals_entry_flooding
Lair:3:   layout_misc_corridors, guppyfry_snake_entry_island, patterned_corridor

Skill      XL: |  1  2  3  4  5  6  7  8  9 10 11 12 13 |
---------------+----------------------------------------+-----
Dodging        | 2 3 |  3.0
Stealth        | 3 4 |  4.0
Spellcasting   | 3 5 6 7 |  7.0
Fighting       | 1 2 3 5 |  5.0
Ice Magic      | 5 7 9 10 | 10.0
Maces & Flails | 2 3 |  3.0
Summonings     | 2 |  2.0
Invocations    | 5 8 10 12 | 12.0
Shields        | 5 7 9 |  9.7
Long Blades    | 2 8 |  8.0
Ranged Weapons | 5 8 9 |  9.7

Action                     |  1- 3 |  4- 6 |  7- 9 | 10-12 | 13-15 || total
---------------------------+-------+-------+-------+-------+-------++-------
  Melee: Whip              |    32 |    62 |   337 |   520 |    38 ||   989
         Punch             |     1 |       |     9 |       |       ||    10
   Fire: Longbow           |       |       |       |   312 |   106 ||   418
   Cast: Freeze            |    33 |    21 |     3 |       |       ||    57
         Frozen Ramparts   |     1 |     9 |     8 |    41 |    13 ||    72
         Ozocubu's Armour  |       |     3 |    16 |    42 |     8 ||    69
         Summon Ice Beast  |       |       |     8 |    40 |     7 ||    55
Ability: Dig               |       |       |     2 |    11 |     2 ||    15
         Shaft Self        |       |       |       |     1 |       ||     1
  Evoke: Wand              |       |       |       |    23 |     2 ||    25
    Use: Scroll            |       |       |     3 |    20 |     2 ||    25
         Potion            |       |       |       |     6 |       ||     6
   Stab: Sleeping          |     1 |     2 |     6 |     2 |       ||    11
         Distracted        |       |       |       |     1 |       ||     1
 Armour: Robe              |    10 |    14 |    81 |    37 |       ||   142
         Steam dragon scal |       |       |       |   155 |    17 ||   172
  Dodge: Dodged            |    32 |    40 |   197 |   363 |    33 ||   665
  Block: Buckler           |       |       |       |   278 |    39 ||   317
